3AAA
CALGARY LYNX @ SALT LAKE CITY BUZZ
08/12/2042
 
TOP OF THE 1ST
Calgary Lynx batting - Pitching for Salt Lake City Buzz : RHP Alfredo Molina
Pitching: RHP Alfredo Molina
Batting: RHB Rafael Carballar 0-0: Called Strike
0-1: Foul Ball, location: 2F
0-2: Ball
1-2: Foul Ball, location: 2F
1-2: Foul Ball, location: 2F
1-2: Ball
2-2: Foul Ball, location: 2F
2-2: Ground out 4-3 (Groundball, 4, EV 101.9 MPH)
Batting: LHB Júlio Souza 0-0: Foul Ball, location: 2F
0-1: Swinging Strike
0-2: DOUBLE (Flyball, 78D, EV 94.4 MPH)
Batting: RHB Roy Bagnall 0-0: SINGLE (Line Drive, 7LS, EV 100.0 MPH)
Júlio Souza to third
Runner from 3rd tries for Home, SAFE, no throw by LF
Batting: SHB Abraham In de Boomgaert 0-0: Ball
Roy Bagnall steals 2nd base
1-0: Ball
2-0: Foul Ball, location: 2F
2-1: Ball
3-1: Base on Balls
Batting: RHB Tobias Valencia 0-0: Swinging Strike
0-1: Ball
1-1: Foul Ball, location: 2F
1-2: Ball
2-2: Foul Ball, location: 2F
2-2: Foul Ball, location: 2F
2-2: Ball
3-2: Strikes out swinging
Batting: RHB Jordan Attoe 0-0: Ball
1-0: Foul Ball, location: 2F
1-1: Ball
2-1: Ball
3-1: Base on Balls
Roy Bagnall to third
Abraham In de Boomgaert to second
Batting: SHB Jim Santos 0-0: Foul Ball, location: 2F
0-1: Foul Ball, location: 2F
0-2: Ball
Wild Pitch!
Roy Bagnall scores
Abraham In de Boomgaert to third
Jordan Attoe to second
1-2: Ball
2-2: Strikes out swinging
Top of the 1st over - 2 runs, 2 hits, 0 errors, 2 left on base; Calgary 2 - Salt Lake City 0
BOTTOM OF THE 1ST
Salt Lake City Buzz batting - Pitching for Calgary Lynx : RHP Ángel Rosas
Pitching: RHP Ángel Rosas
Batting: RHB Juan Neváres 0-0: Foul Ball, location: 2F
0-1: Fly out, F9 (Flyball, 9S, EV 81.2 MPH)
Batting: RHB Ángel Saelices 0-0: Ball
1-0: Ball
2-0: Foul Ball, location: 2F
2-1: Ball
3-1: Foul Ball, location: 2F
3-2: Base on Balls
Batting: RHB Vinnie Nuyten 0-0: Fielders Choice at 2nd, 1-6 (Groundball, 13, EV 72.5 MPH)
Batting: LHB Aaron Day 0-0: Fly out, F4 (Line Drive, 4, EV 63.8 MPH)
Bottom of the 1st over - 0 runs, 0 hits, 0 errors, 1 left on base; Calgary 2 - Salt Lake City 0
TOP OF THE 2ND
Calgary Lynx batting - Pitching for Salt Lake City Buzz : RHP Alfredo Molina
Batting: RHB Effie Atsaves 0-0: Ball
1-0: Bunt for hit to 5S - play at first, batter OUT! 5-3
Batting: RHB Elroy Hartman 0-0: Called Strike
0-1: Called Strike
0-2: Ball
1-2: Ball
2-2: Ball
3-2: SINGLE (Flyball, 8LS, EV 88.8 MPH)
Batting: RHB Rafael Carballar 0-0: Ball
Elroy Hartman steals 2nd base
1-0: Ball
2-0: Ball
3-0: Foul Ball, location: 2F
3-1: Called Strike
3-2: Foul Ball, location: 2F
3-2: Strikes out looking
Batting: LHB Júlio Souza 0-0: Ball
1-0: Swinging Strike
1-1: Fly out, F8 (Flyball, 8LS, EV 89.4 MPH)
Top of the 2nd over - 0 runs, 1 hit, 0 errors, 1 left on base; Calgary 2 - Salt Lake City 0
BOTTOM OF THE 2ND
Salt Lake City Buzz batting - Pitching for Calgary Lynx : RHP Ángel Rosas
Batting: RHB César Vélez 0-0: Ball
1-0: Ball
2-0: Called Strike
2-1: Fly out, F7 (Flyball, 7, EV 83.8 MPH)
Batting: SHB Cheong-hun Kang 0-0: Called Strike
0-1: DOUBLE (Line Drive, 7LM, EV 106.2 MPH)
Batting: RHB Falco Opsteegh 0-0: Called Strike
Cheong-hun Kang is caught stealing 3rd base 2-5
0-1: Foul Ball, location: 2F
0-2: Ground out 6-3 (Groundball, 6, EV 88.1 MPH)
Bottom of the 2nd over - 0 runs, 1 hit, 0 errors, 0 left on base; Calgary 2 - Salt Lake City 0
TOP OF THE 3RD
Calgary Lynx batting - Pitching for Salt Lake City Buzz : RHP Alfredo Molina
Batting: RHB Roy Bagnall 0-0: Called Strike
0-1: Ball
1-1: Called Strike
1-2: Ground out 6-3 (Groundball, 6S, EV 81.9 MPH)
Batting: SHB Abraham In de Boomgaert 0-0: Swinging Strike
0-1: Called Strike
0-2: Ball
1-2: Ball
2-2: Strikes out swinging
Batting: RHB Tobias Valencia 0-0: Ball
1-0: DOUBLE (Line Drive, 9LS, EV 107.5 MPH)
Batting: RHB Jordan Attoe 0-0: Fly out, F7 (Flyball, 7, EV 87.5 MPH)
Top of the 3rd over - 0 runs, 1 hit, 0 errors, 1 left on base; Calgary 2 - Salt Lake City 0
BOTTOM OF THE 3RD
Salt Lake City Buzz batting - Pitching for Calgary Lynx : RHP Ángel Rosas
Batting: RHB Mark Quaintance 0-0: Ball
1-0: Fly out, F9 (Flyball, 89S, EV 84.4 MPH)
Batting: LHB Glenn Lockhart 0-0: Ground out 5-3 (Groundball, 56S, EV 89.4 MPH)
Batting: RHB Juan Neváres 0-0: Called Strike
0-1: Foul Ball, location: 2F
0-2: Ground out 6-3 (Groundball, 6, EV 82.5 MPH)
Bottom of the 3rd over - 0 runs, 0 hits, 0 errors, 0 left on base; Calgary 2 - Salt Lake City 0
TOP OF THE 4TH
Calgary Lynx batting - Pitching for Salt Lake City Buzz : RHP Alfredo Molina
Batting: SHB Jim Santos 0-0: Foul Ball, location: 2F
0-1: Ball
1-1: Ball
2-1: Ball
3-1: Ground out 1-3 (Groundball, 34S, EV 81.9 MPH)
Batting: RHB Effie Atsaves 0-0: Called Strike
0-1: Swinging Strike
0-2: Strikes out swinging
Batting: RHB Elroy Hartman 0-0: Swinging Strike
0-1: SOLO HOME RUN (Line Drive, 7D, EV 107.5 MPH), Distance : 406 ft
Batting: RHB Rafael Carballar 0-0: SINGLE (Line Drive, 7S, EV 103.1 MPH)
Batting: LHB Júlio Souza 0-0: Ball
1-0: Called Strike
1-1: Called Strike
1-2: Strikes out swinging
Top of the 4th over - 1 run, 2 hits, 0 errors, 1 left on base; Calgary 3 - Salt Lake City 0
BOTTOM OF THE 4TH
Salt Lake City Buzz batting - Pitching for Calgary Lynx : RHP Ángel Rosas
Batting: RHB Ángel Saelices 0-0: Ball
1-0: Foul Ball, location: 2F
1-1: Ball
2-1: Swinging Strike
2-2: SINGLE (Groundball, 6, EV 85.0 MPH) (infield hit)
Batting: RHB Vinnie Nuyten 0-0: Ball
1-0: Ball
2-0: SINGLE (Flyball, 9LS, EV 93.1 MPH)
Ángel Saelices to second
Runner from 2nd tries for 3rd, SAFE, throw by RF made to third
Batting: LHB Aaron Day 0-0: Swinging Strike
0-1: Ball
Vinnie Nuyten is caught stealing 2nd base 2-6
1-1: Fly out, F8 (Flyball, 8LD, EV 90.6 MPH)
Runner from 3rd tags up, SCORES, no throw by CF
Batting: RHB César Vélez 0-0: Ball
1-0: Ball
2-0: Foul Ball, location: 2F
2-1: Fly out, F9 (Flyball, 9D, EV 103.1 MPH)
Bottom of the 4th over - 1 run, 2 hits, 0 errors, 0 left on base; Calgary 3 - Salt Lake City 1
TOP OF THE 5TH
Calgary Lynx batting - Pitching for Salt Lake City Buzz : RHP Alfredo Molina
Batting: RHB Roy Bagnall 0-0: DOUBLE (Line Drive, 7LM, EV 107.5 MPH)
Batting: SHB Abraham In de Boomgaert 0-0: Ball
1-0: Ball
2-0: Ball
3-0: Base on Balls
Batting: RHB Tobias Valencia 0-0: Foul Ball, location: 2F
0-1: Ball
1-1: Called Strike
1-2: Hit by Pitch
Roy Bagnall to third
Abraham In de Boomgaert to second
Batting: RHB Jordan Attoe 0-0: Called Strike
0-1: Foul Ball, location: 2F
0-2: Foul Ball, location: 2F
0-2: Grounds into double play, 6-4-3 (Groundball, 6MS, EV 93.8 MPH)
Roy Bagnall scores
Abraham In de Boomgaert to third
Batting: SHB Jim Santos 0-0: Called Strike
0-1: Swinging Strike
0-2: Strikes out looking
Top of the 5th over - 1 run, 1 hit, 0 errors, 1 left on base; Calgary 4 - Salt Lake City 1
BOTTOM OF THE 5TH
Salt Lake City Buzz batting - Pitching for Calgary Lynx : RHP Ángel Rosas
Batting: SHB Cheong-hun Kang 0-0: Ball
1-0: Swinging Strike
1-1: Ball
2-1: DOUBLE (Line Drive, 78D, EV 102.5 MPH)
Batting: RHB Falco Opsteegh 0-0: Bunted foul
0-1: Sac Bunt to 25 - play at first, batter OUT! 5-4
Cheong-hun Kang to third
Batting: RHB Mark Quaintance 0-0: Called Strike
0-1: Fly out, F6 (Popup, 6M, EV 61.9 MPH)
Batting: LHB Glenn Lockhart 0-0: Swinging Strike
0-1: Ball
1-1: Ball
2-1: Ground out U3 (Groundball, 3, EV 105.6 MPH)
Bottom of the 5th over - 0 runs, 1 hit, 0 errors, 1 left on base; Calgary 4 - Salt Lake City 1
TOP OF THE 6TH
Calgary Lynx batting - Pitching for Salt Lake City Buzz : RHP Alfredo Molina
Batting: RHB Effie Atsaves 0-0: Called Strike
0-1: Foul Ball, location: 2F
0-2: Strikes out looking
Pitching: RHP Chris Holmes
Batting: RHB Elroy Hartman 0-0: Ball
1-0: Foul Ball, location: 2F
1-1: Swinging Strike
1-2: Ball
2-2: Ball
3-2: DOUBLE (Line Drive, 5D, EV 101.9 MPH)
Batting: RHB Rafael Carballar 0-0: Ball
1-0: Ball
2-0: Foul Ball, location: 2F
2-1: Foul Ball, location: 2F
2-2: Foul Ball, location: 2F
2-2: Foul Ball, location: 2F
2-2: Hit by Pitch
Batting: LHB Júlio Souza 0-0: Ball
1-0: Ball
2-0: Called Strike
2-1: SINGLE (Groundball, 34D, EV 94.4 MPH)
Elroy Hartman to third
Rafael Carballar to second
Batting: RHB Roy Bagnall 0-0: Called Strike
0-1: Ball
1-1: Foul Ball, location: 2F
1-2: Fly out, F9 (Flyball, 89M, EV 90.0 MPH)
Runner from 3rd tags up, SCORES, throw by RF
Batting: SHB Abraham In de Boomgaert 0-0: Ball
1-0: Ball
2-0: TRIPLE (Flyball, 9LD, EV 99.4 MPH)
Rafael Carballar scores
Júlio Souza scores
Batting: RHB Tobias Valencia 0-0: Called Strike
0-1: DOUBLE (Line Drive, 78M, EV 111.2 MPH)
Abraham In de Boomgaert scores
Pitching: RHP John Núńes
Batting: RHB Jordan Attoe 0-0: Called Strike
0-1: Ball
1-1: Called Strike
1-2: Foul Ball, location: 2F
1-2: Ball
2-2: Fly out, F8 (Flyball, 8RS, EV 92.5 MPH)
Top of the 6th over - 4 runs, 4 hits, 0 errors, 1 left on base; Calgary 8 - Salt Lake City 1
BOTTOM OF THE 6TH
Salt Lake City Buzz batting - Pitching for Calgary Lynx : RHP Ángel Rosas
Batting: RHB Juan Neváres 0-0: Ball
1-0: Ball
2-0: Ball
3-0: Called Strike
3-1: SINGLE (Flyball, 7S, EV 90.0 MPH)
Batting: RHB Ángel Saelices 0-0: Foul Ball, location: 2F
0-1: Ball
1-1: Foul Ball, location: 2F
1-2: Grounds into double play, 5-4-3 (Groundball, 5, EV 101.9 MPH)
Batting: RHB Vinnie Nuyten 0-0: Called Strike
0-1: Foul Ball, location: 2F
0-2: Reached on error, E6 (Groundball, 6, EV 82.5 MPH)
Batting: LHB Aaron Day 0-0: Ball
1-0: Ball
2-0: Fly out, F9 (Line Drive, 9, EV 90.6 MPH)
Bottom of the 6th over - 0 runs, 1 hit, 1 error, 1 left on base; Calgary 8 - Salt Lake City 1
TOP OF THE 7TH
Calgary Lynx batting - Pitching for Salt Lake City Buzz : RHP John Núńes
Batting: SHB Jim Santos 0-0: Ball
1-0: Ball
2-0: Called Strike
2-1: Foul Ball, location: 2F
2-2: Hit by Pitch
Batting: RHB Effie Atsaves 0-0: Ball
1-0: Foul Ball, location: 2F
1-1: Called Strike
1-2: Ball
2-2: Foul Ball, location: 2F
2-2: Strikes out swinging
Batting: RHB Elroy Hartman 0-0: Ball
1-0: Called Strike
1-1: Foul Ball, location: 2F
1-2: Foul Ball, location: 2F
1-2: Ball
2-2: Strikes out looking
Batting: RHB Rafael Carballar 0-0: Fielders Choice at 2nd, 5-4 (Groundball, 5L, EV 101.9 MPH)
Top of the 7th over - 0 runs, 0 hits, 0 errors, 1 left on base; Calgary 8 - Salt Lake City 1
BOTTOM OF THE 7TH
Salt Lake City Buzz batting - Pitching for Calgary Lynx : RHP Ángel Rosas
Pitching: LHP Ángel Flores
Batting: RHB César Vélez 0-0: Ball
1-0: SINGLE (Groundball, 6, EV 101.9 MPH) (infield hit)
Batting: SHB Cheong-hun Kang 0-0: Called Strike
0-1: SINGLE (Groundball, 6, EV 108.8 MPH) (infield hit)
César Vélez to second
Batting: RHB Falco Opsteegh 0-0: Called Strike
0-1: Ball
1-1: Ball
2-1: Ball
3-1: Base on Balls
César Vélez to third
Cheong-hun Kang to second
Batting: RHB Mark Quaintance 0-0: Called Strike
0-1: Foul Ball, location: 2F
0-2: Ball
1-2: Grounds into double play, 5-4-3 (Groundball, 56, EV 92.5 MPH)
César Vélez scores
Cheong-hun Kang to third
Batting: LHB Glenn Lockhart 0-0: Fly out, F9 (Line Drive, 9, EV 96.9 MPH)
Bottom of the 7th over - 1 run, 2 hits, 0 errors, 1 left on base; Calgary 8 - Salt Lake City 2
TOP OF THE 8TH
Calgary Lynx batting - Pitching for Salt Lake City Buzz : RHP John Núńes
Batting: LHB Júlio Souza 0-0: Called Strike
0-1: Called Strike
0-2: Fly out, F8 (Flyball, 8LD, EV 108.1 MPH)
Batting: RHB Roy Bagnall 0-0: Foul Ball, location: 2F
0-1: Swinging Strike
0-2: Strikes out swinging
Batting: SHB Abraham In de Boomgaert 0-0: Foul Ball, location: 9LSF, Error on foul ball, E9
0-1: Called Strike
0-2: Ball
1-2: Fly out, F3 (Line Drive, 3, EV 70.6 MPH)
Top of the 8th over - 0 runs, 0 hits, 1 error, 0 left on base; Calgary 8 - Salt Lake City 2
BOTTOM OF THE 8TH
Salt Lake City Buzz batting - Pitching for Calgary Lynx : LHP Ángel Flores
Batting: RHB Juan Neváres 0-0: Reached on error, E2 (Groundball, 15S, EV 65.6 MPH)
Batting: RHB Ángel Saelices 0-0: Foul Ball, location: 2F
0-1: Foul Ball, location: 2F
0-2: Ball
1-2: Foul Ball, location: 2F
1-2: Ball
2-2: Foul Ball, location: 2F
2-2: Foul Ball, location: 2F
2-2: Grounds into double play, 6-4-3 (Groundball, 6MS, EV 80.0 MPH)
Batting: RHB Vinnie Nuyten 0-0: SINGLE (Flyball, 9S, EV 93.1 MPH)
Batting: LHB Aaron Day 0-0: Ball
1-0: Called Strike
1-1: Swinging Strike
1-2: Foul Ball, location: 2F
1-2: Ball
2-2: Ground out U3 (Groundball, 3, EV 101.2 MPH)
Bottom of the 8th over - 0 runs, 1 hit, 1 error, 1 left on base; Calgary 8 - Salt Lake City 2
TOP OF THE 9TH
Calgary Lynx batting - Pitching for Salt Lake City Buzz : RHP John Núńes
Batting: RHB Tobias Valencia 0-0: Ball
1-0: Called Strike
1-1: Ball
2-1: TRIPLE (Flyball, 78XD, EV 107.5 MPH)
Batting: RHB Jordan Attoe 0-0: Called Strike
0-1: Ball
1-1: Ball
2-1: SINGLE (Flyball, 7LS, EV 95.0 MPH)
Tobias Valencia scores
Batting: SHB Jim Santos 0-0: Foul Ball, location: 2F
0-1: Swinging Strike
0-2: SINGLE (Groundball, 3D, EV 103.8 MPH)
Jordan Attoe to second
Batting: RHB Effie Atsaves 0-0: Swinging Strike
0-1: Foul Ball, location: 2F
0-2: Ball
1-2: Ball
2-2: Ball
3-2: Strikes out swinging
Batting: RHB Elroy Hartman 0-0: Swinging Strike
0-1: Foul Ball, location: 2F
0-2: Foul Ball, location: 2F
0-2: Ball
1-2: Ball
2-2: Ball
3-2: Foul Ball, location: 2F
3-2: Strikes out swinging
Batting: RHB Rafael Carballar 0-0: Fielders Choice at 2nd, U6 (Groundball, 6M, EV 98.8 MPH)
Top of the 9th over - 1 run, 3 hits, 0 errors, 2 left on base; Calgary 9 - Salt Lake City 2
BOTTOM OF THE 9TH
Salt Lake City Buzz batting - Pitching for Calgary Lynx : LHP Ángel Flores
Batting: RHB César Vélez 0-0: Ball
1-0: DOUBLE (Line Drive, 7LS, EV 108.8 MPH)
Batting: SHB Cheong-hun Kang 0-0: Ball
1-0: Ground out 5-3 (Groundball, 56S, EV 84.4 MPH)
Batting: RHB Falco Opsteegh 0-0: Swinging Strike
0-1: 2-RUN HOME RUN (Flyball, 9LD, EV 94.4 MPH), Distance : 361 ft
Batting: RHB Mark Quaintance 0-0: Called Strike
0-1: Ball
1-1: Fly out, F6 (Popup, 6MD, EV 49.4 MPH)
Batting: LHB Glenn Lockhart 0-0: Called Strike
0-1: Ball
1-1: Ball
2-1: Ground out 4-3 (Groundball, 4, EV 85.0 MPH)
Bottom of the 9th over - 2 runs, 2 hits, 0 errors, 0 left on base; Calgary 9 - Salt Lake City 4
Friday, March 26th, 2021 - OOTP Baseball 20.8 Build 74